 Dungeon Crawl Stone Soup version 0.20.1-1-g8b1a95d (webtiles) character file.

361 Berahthraban the Conjurer (level 6, -2/50 HPs)
             Began as a Draconian Conjurer on Sept 16, 2017.
             Slain by a crimson imp
             ... wielding a +0 war axe
              (10 damage)
             ... on level 5 of the Dungeon.
             The game lasted 00:16:57 (2587 turns).

Berahthraban the Conjurer (Draconian Conjurer)      Turns: 2587, Time: 00:16:57

Health: -2/50      AC:  6    Str: 10    XL:     6   Next: 38%
Magic:  0/10       EV: 14    Int: 17    God:
Gold:   80         SH:  0    Dex: 12    Spells: 8/11 levels left

rFire    . . .     SeeInvis .   s - +1 long sword
rCold    . . .     Gourm    .   (no shield)
rNeg     . . .     Faith    .   (armour unavailable)
rPois    .         Spirit   +   (helmet restricted)
rElec    .         Reflect  .   d - scarf {Spirit}
rCorr    .         Harm     .   (no gloves)
MR       .....                  (no boots)
Stlth    ++........             m - amulet of magic regeneration
Regen    0.2/turn               (no ring)
MPRegen  0.2/turn               (no ring)

@: about to teleport
A: unfitting armour, cold-blooded, AC +6
a: no special abilities


You were on level 5 of the Dungeon.
You were not hungry.

You visited 1 branch of the dungeon, and saw 5 of its levels.

You collected 80 gold pieces.

Inventory:

Hand Weapons
 k - a +0 dagger of holy wrath
 s - a +1 long sword (weapon)
Missiles
 h - 2 tomahawks (quivered)
Armour
 d - a scarf of spirit shield (worn)
Jewellery
 i - an uncursed amulet of rage
 m - an amulet of magic regeneration (around neck)
Wands
 r - a wand of flame (16/48)
Scrolls
 j - a scroll of teleportation
 w - 2 scrolls of enchant armour
Potions
 g - a potion of mutation
 o - a potion of might
 p - a potion of ambrosia {unknown}
 q - a potion of heal wounds {unknown}
 u - a potion of curing {unknown}
 x - a potion of flight {unknown}
Books
 a - a book of Conjurations

   Spells                             Type                      Level
   a - Magic Dart                     Conjuration                  1
   b - Searing Ray                    Conjuration                  2
   c - Dazzling Spray                 Conjuration/Hexes            3
   d - Fulminant Prism                Conjuration/Hexes            4
   e - Force Lance                    Conjuration/Translocation    4
   f - Iskenderun's Mystic Blast      Conjuration                  4
Comestibles
 b - 3 bread rations
 c - 4 chunks of flesh
 f - a fruit
 t - 3 meat rations
 v - a royal jelly


   Skills:
 + Level 2.9 Fighting
 * Level 4.1 Dodging
 + Level 1.8 Stealth
 + Level 3.3 Spellcasting
 + Level 4.9 Conjurations


You had 8 spell levels left.
You knew the following spells:

 Your Spells              Type           Power        Failure   Level  Hunger
a - Magic Dart            Conj           ###.         2%          1    None
b - Searing Ray           Conj           ###...       3%          2    ##.....


Dungeon Overview and Level Annotations

Branches:
Dungeon (5/15)
 Temple: D:4-7

Altars:

Shops:
D:4 =

Annotations:
D:1 cleared
D:2 Sigmund
D:3 cleared, exclusion: upstairs
D:4 akademic's ghost, amateur DECj
D:5 exclusion: upstairs


Innate Abilities, Weirdness & Mutations

Your plain brown scales are hard. (AC +6)
You cannot fit into any form of body armour.
You are cold-blooded and may be slowed by cold attacks.


Message History

The hobgoblin barely misses you.
You riposte.
You closely miss the hobgoblin.
The hobgoblin is almost dead.
The searing ray hits the hobgoblin.
You kill the hobgoblin!
The crimson imp blinks!
The crimson imp shouts, "Out, out, thou dankish motley-minded vassal!"
The crimson imp blinks!
The searing ray hits the big kobold.
The big kobold is moderately wounded.
The crimson imp hits you with a war axe.
* * * LOW HITPOINT WARNING * * *
The big kobold barely misses you.
Okay, then.
As you read the scroll of teleportation, it crumbles to dust.
You feel strangely unstable. The crimson imp hits you.
* * * LOW HITPOINT WARNING * * *
The crimson imp lashes its tail.
The crimson imp hits you with a war axe!
You die...

####### #5@5..# ####
#K###.# #... #K###[##
#.## #.##...#########.#
#######K##.............#
.......K##...###########
######...##### #...#
........#


You could see 2 big kobolds, 2 crimson imps and 2 kobolds.

Vanquished Creatures
  A centaur (D:4)
  A bullfrog (D:4)
  2 hounds
  2 worker ants (D:4)
  4 adders
  An adder skeleton (D:5)
  A dart slug (D:2)
  A leopard gecko (D:2)
  8 orcs
  2 giant cockroaches (D:3)
  6 goblins
  7 hobgoblins
  2 jackals
  13 kobolds
  8 frilled lizards
  A leopard gecko skeleton (D:5)
  5 rats
65 creatures vanquished.

Notes
Turn   | Place    | Note
-------+----------+-------------------------------------------
     0 | D:1      | Berahthraban the Draconian Conjurer began the quest for the Orb.
     0 | D:1      | Reached XP level 1. HP: 14/14 MP: 3/3
   169 | D:1      | Reached skill level 1 in Fighting
   177 | D:1      | Reached XP level 2. HP: 18/23 MP: 5/5
   193 | D:1      | Learned a level 2 spell: Searing Ray
   750 | D:2      | Reached XP level 3. HP: 19/28 MP: 2/6
   906 | D:2      | Noticed Sigmund
  1006 | D:3      | Reached XP level 4. HP: 32/36 MP: 2/7
  1739 | D:4      | Found Poamotsa's Jewellery Shoppe.
  1748 | D:4      | Noticed a centaur
  1755 | D:4      | HP: 1/36 [centaur (8)]
  1756 | D:4      | Killed a centaur
  1756 | D:4      | Reached XP level 5. HP: 2/41 MP: 0/9
  2328 | D:4      | Reached XP level 6. HP: 48/50 MP: 5/10
  2438 | D:4      | Noticed akademic's ghost (amateur DECj)
  2459 | D:5      | Entered Level 5 of the Dungeon
  2587 | D:5      | Slain by a crimson imp

Skill      XL: |  1  2  3  4  5  6 |
---------------+-------------------+-----
Fighting       | 1 2 |  2.9
Dodging        | 2 3 4 |  4.1
Spellcasting   | 3 |  3.3
Stealth        | |  1.8
Conjurations   | |  4.9

Action                   |  1- 3 |  4- 6 || total
-------------------------+-------+-------++-------
Melee: Dagger            |    35 |       ||    35
       Unarmed           |     6 |       ||     6
       Tailslap          |     3 |     3 ||     6
       Long sword        |       |    32 ||    32
 Cast: Magic Dart        |    20 |     1 ||    21
       Searing Ray       |     7 |    24 ||    31
  Use: Scroll            |       |     7 ||     7
 Stab: Sleeping          |     3 |       ||     3
  Eat: Chunk             |     1 |     6 ||     7
Armor: Skin              |     6 |    16 ||    22
Dodge: Dodged            |    30 |    53 ||    83
       Rpst.: Long sword |       |    15 ||    15
